 Dungeon Crawl Stone Soup version 0.17-a0-1746-g6987275 (webtiles) character file.

24 Eptagon the Insei (level 3, -1/23 HPs)
             Began as an Octopode Transmuter on Sept 1, 2015.
             Slain by a gnoll
             ... wielding a +0 whip
              (9 damage)
             ... on level 2 of the Dungeon.
             The game lasted 00:01:30 (1009 turns).

Eptagon the Insei (Octopode Transmuter)             Turns: 1009, Time: 00:01:30

Health: -1/23      AC:  1    Str:  9    XL:     3   Next: 2%
Magic:  6/6        EV: 12    Int: 15    God:
Gold:   91         SH:  0    Dex: 13    Spells: 1 memorised, 5 levels left

rFire  . . .     SeeInvis .       - Unarmed
rCold  . . .     Clarity  .     (no shield)
rNeg   . . .     SustAt   .     (helmet restricted)
rPois  .         Gourm    .     d - amulet of resist corrosion
rElec  .         Spirit   .     (no ring)
rCorr  +         Warding  .     (no ring)
rMut   .         Stasis   .     (no ring)
MR     .....                    (no ring)
Stlth  ++........               (no ring)
                                (no ring)
                                (no ring)
                                (no ring)

@: not resistant to hostile enchantments, unstealthy
A: almost no armour, amphibious, 8 rings, constrict 8, camouflage 1, gelatinous
body 1
a: no special abilities


You were on level 2 of the Dungeon.
You were not hungry.

You visited 1 branch of the dungeon, and saw 2 of its levels.

You collected 91 gold pieces.

Inventory:

Jewellery
 d - an amulet of resist corrosion (around mantle)
Scrolls
 e - a scroll of remove curse {unknown}
 f - a scroll of magic mapping {unknown}
 g - a scroll of immolation {unknown}
 h - 2 scrolls of teleportation {unknown}
 i - a scroll of fear {unknown}
Potions
 a - a potion of resistance {unknown}
Books
 b - a book of Changes

   Spells                             Type                      Level
   a - Beastly Appendage              Transmutation                1
   b - Sticks to Snakes               Transmutation                2
   c - Spider Form                    Transmutation/Poison         3
   d - Ice Form                       Ice/Transmutation            4
   e - Blade Hands                    Transmutation                5
Comestibles
 c - a bread ration


   Skills:
 - Level 1.0 Fighting
 - Level 2.0 Dodging
 + Level 4.1 Unarmed Combat
 - Level 2.0 Spellcasting
 - Level 2.0 Transmutations


You had 5 spell levels left.
You knew the following spells:

 Your Spells              Type           Power        Failure   Level  Hunger
a - Beastly Appendage     Trmt           #.....       12%         1    #......


Dungeon Overview and Level Annotations

Branches:
Dungeon (2/15)

Altars:


Innate Abilities, Weirdness & Mutations

You cannot wear most types of armour.
You are amphibious.
You can wear up to eight rings at the same time.
You can use your tentacles to constrict eight enemies at once.
Your skin changes colour to match your surroundings (Stealth).
Your rubbery body absorbs attacks (AC +1).


Message History

You squeeze the hobgoblin.
You kill the hobgoblin!
You have reached level 3!
Your experience leads to an increase in your attributes!
Increase (S)trength, (I)ntelligence, or (D)exterity?
You feel agile.
A gnoll comes into view. It is wielding a whip.
The gnoll shouts!
A gnoll is nearby!
The gnoll hits you with a whip!
You tentacle-slap the gnoll. You grab the gnoll.
The gnoll is moderately wounded.
You constrict the gnoll. The gnoll hits you but does no damage.
You tentacle-slap the gnoll but do no damage.
The gnoll is moderately wounded.
You constrict the gnoll. The gnoll hits you but does no damage.
You tentacle-slap the gnoll. x2
The gnoll is severely wounded.
You constrict the gnoll. The gnoll hits you with a whip!
You die...

##......##
#<..#..#<#
#.###.....#
#.# ##..#.#
..# ##>#.#
... #.#.#
### ##.#.#
##.##.#
#.g@..#
#..g######
##


You could see 2 gnolls.

Vanquished Creatures
  2 giant geckos (D:1)
  A ball python (D:1)
  3 bats (D:1)
  A giant cockroach (D:1)
  A goblin (D:1)
  2 hobgoblins
  3 jackals (D:1)
  3 giant newts (D:1)
  2 kobolds (D:1)
  A rat (D:1)
19 creatures vanquished.

Notes
Turn   | Place    | Note
--------------------------------------------------------------
     0 | D:1      | Eptagon the Octopode Transmuter began the quest for the Orb.
     0 | D:1      | Reached XP level 1. HP: 13/13 MP: 3/3
   310 | D:1      | Reached XP level 2. HP: 15/18 MP: 5/5
   789 | D:1      | Reached skill level 4 in Unarmed Combat
  1003 | D:2      | Reached XP level 3. HP: 17/23 MP: 6/6
  1009 | D:2      | Slain by a gnoll

Vault maps used:
D:1:      minmay_arrival_open_corners, due_unseen_surprise
D:2:      serial_park_tiny_2

Action                   || total
-------------------------++-------
Melee: Unarmed           ||    39
 Stab: Sleeping          ||     4
